 Dungeon Crawl Stone Soup version 0.25.1-2-g60ff931df9 (webtiles) character file.

Game seed: 16638069660604721007

373 hehateme the Cudgeler (level 6, 0/59 HPs)
             Began as a Troll Berserker on Oct 12, 2020.
             Was a Believer of Trog.
             Killed by nerve-wracking pain
             ... invoked by an orc priest
              (12 damage)
             ... on level 5 of the Dungeon.
             The game lasted 00:16:30 (1841 turns).

hehateme the Cudgeler (Troll Berserker)             Turns: 1841, Time: 00:16:31

Health: 0/59       AC:  6    Str: 28    XL:     6   Next: 43%
Magic:  5/5        EV:  8    Int:  3    God:    Trog [**....]
Gold:   120        SH:  8    Dex:  9    Spells: 5/5 levels left

rFire    . . .     SeeInvis .   a - +0 mace
rCold    . . .     Gourm    +   j - +0 kite shield
rNeg     . . .     Faith    .   b - +0 animal skin
rPois    .         Spirit   .   (helmet restricted)
rElec    .         Reflect  .   (no cloak)
rCorr    .         Harm     .   (gloves unavailable)
MR       .....                  (boots unavailable)
Stlth    +.........             (no amulet)
HPRegen  0.59/turn              (no ring)
MPRegen  0.09/turn              (no ring)

@: starving
A: large, unfitting armour, claws 3, fast metabolism 3, gourmand, regeneration
1, shaggy fur 1, tough skin 3
a: Berserk, Trog's Hand, Renounce Religion


You were on level 5 of the Dungeon.
You worshipped Trog.
Trog was pleased with you.
You were starving.

You visited 1 branch of the dungeon, and saw 5 of its levels.

You collected 120 gold pieces.

Inventory:

Hand Weapons
 a - a +0 mace (weapon)
 m - a +0 mace
Armour
 b - a +0 animal skin (worn)
 j - a +0 kite shield (worn)
Jewellery
 n - an uncursed amulet of regeneration {unknown}
 o - an uncursed ring of stealth {unknown}
Scrolls
 d - 5 scrolls of identify {unknown}
 e - 4 scrolls of remove curse {unknown}
 h - a scroll of immolation {unknown}
 i - 2 scrolls of fog {unknown}
 k - a scroll of random uselessness {unknown}
 l - a scroll of noise {unknown}
 p - 2 scrolls of teleportation {unknown}
Potions
 f - a potion of lignification {unknown}
 g - a potion of curing {unknown}
 q - a potion of might {unknown}
Comestibles
 c - 3 rations


   Skills:
 - Level 2.7 Fighting
 * Level 5.6 Maces & Flails
 + Level 3.5 Dodging
 + Level 0.3 Stealth
 + Level 0.5 Shields


You had 5 spell levels left.
You didn't know any spells.
Your spell library was empty.

Dungeon Overview and Level Annotations

Branches:
Dungeon (5/15)
 Temple: D:4-7

Altars:
Ashenzari


Innate Abilities, Weirdness & Mutations

You are too large for most types of armour.
You have claws for hands.
Your metabolism is lightning-fast.
You like to eat raw meat.
Your natural rate of healing is unusually fast.
You are covered in fur. (AC +1)
You have extremely tough skin. (AC +3)


Message History

* * * LOW HITPOINT WARNING * * *
Something hits you but does no damage.
You hit something.
The orc priest invokes the aid of Beogh against you.
You barely resist. The orc hits you.
* * * LOW HITPOINT WARNING * * *
The orc wizard barely misses you.
An orc comes into view. It is wielding a +0 dagger.
Something hits you but does no damage.
You hit something.
The orc priest hits you but does no damage.
You block the orc's attack. You block something's attack.
The orc wizard hits you but does no damage.
An orc comes into view. It is wielding a +0 hand axe.
The orc wizard gestures wildly while chanting.
The orc wizard flickers and vanishes!
You barely miss something.
The orc priest invokes the aid of Beogh against you.
Pain shoots through your body!
You die...

... #.# .# #..#
#.# ### #.# #.#
#..# #.# ..#
##.###..#####.#
#.#
#...........#.#
#.#
#.............#
#.# #.{###.###
#oo###.#######
###oo...........
#{@o5......#####
#o######.#.....
o... ..######
###.## ### ..#
###


You could see an orc priest, 2 orc wizards, a shadow imp and 4 orcs.

Vanquished Creatures
  An ogre (D:5)
  An orc priest (D:4)
  A bullfrog skeleton (D:4)
  Jessica (D:2)
  3 worker ants
  A hound skeleton (D:4)
  3 adders
  2 howler monkey skeletons (D:4)
  2 worms (D:2)
  2 dart slugs
  4 leopard geckos
  8 orcs
  2 giant cockroaches
  4 hobgoblins
  8 jackals
  4 kobolds
  A quokka (D:4)
  A ball python (D:4)
  5 bats
  3 goblins
  6 rats
63 creatures vanquished.

Notes
Turn   | Place    | Note
-------+----------+-------------------------------------------
     0 | D:1      | hehateme the Troll Berserker began the quest for the Orb.
     0 | D:1      | Reached XP level 1. HP: 22/22 MP: 0/0
   191 | D:1      | Reached XP level 2. HP: 29/29 MP: 1/1
   317 | D:1      | Reached skill level 3 in Maces & Flails
   678 | D:2      | Reached XP level 3. HP: 25/36 MP: 2/2
   762 | D:2      | Reached ** piety under Trog
   833 | D:2      | Noticed Jessica
   861 | D:2      | Killed Jessica
   861 | D:2      | Reached XP level 4. HP: 44/44 MP: 3/3
   918 | D:2      | Reached skill level 4 in Maces & Flails
  1282 | D:3      | Noticed a water elemental
  1361 | D:4      | Reached XP level 5. HP: 21/50 MP: 4/4
  1428 | D:4      | Reached skill level 5 in Maces & Flails
  1499 | D:4      | Reached XP level 6. HP: 50/59 MP: 5/5
  1644 | D:4      | Found a shattered altar of Ashenzari.
  1726 | D:5      | Entered Level 5 of the Dungeon
  1841 | D:5      | Killed from afar by an orc priest

Illustrated notes

Levels and vault maps discovered:
D:1:      sevenhm_arrival_forest_fort_small_4, layout_basic
D:2:      layout_loops_ring, first_ration, kennysheep_generic_room_8,
          uniq_jessica
D:3:      cheibrodos_helix_gallery, layout_basic, vehumet_crystals,
          nicolae_qazlal_style_of_elements, minmay_quantized
D:4:      layout_cave_pods, nicolae_ashenzari_panopticon
D:5:      layout_loops_ring, marbit_many_paths, uniq_edmund, uniq_sigmund

Skill      XL: |  1  2  3  4  5 |
---------------+----------------+-----
Maces & Flails | 3 4 5 |  5.6
Dodging        | 3 |  3.5
Fighting       | |  2.7
Stealth        | |  0.3
Shields        | |  0.5

Action                   |  1- 3 |  4- 6 || total
-------------------------+-------+-------++-------
Melee: Mace              |   103 |   161 ||   264
Invok: Berserk           |     1 |     2 ||     3
  Eat: Chunk             |     2 |       ||     2
       Ration            |     1 |     3 ||     4
Armor: Animal skin       |    56 |    51 ||   107
Dodge: Dodged            |    70 |    67 ||   137
Block: Kite shield       |       |    48 ||    48
